 Dungeon Sprint DCSS version 0.17-a0-1575-g9a29ec8 (webtiles) character file.

14 nuthulu the Skirmisher (level 5, -21/37 HPs)
             Began as a Gargoyle Fighter on July 26, 2015.
             Was an Initiate of Okawaru.
             Killed by an exploding giant spore (25 damage)
             ... in the Dungeon (Sprint VI: "Thunderdome").
             The game lasted 00:01:31 (172 turns).

nuthulu the Skirmisher (Gargoyle Fighter)            Turns: 172, Time: 00:01:31

Health: -21/37     AC: 11    Str: 19    XL:     5   Next: 14%
Magic:  8/14       EV:  8    Int:  9    God:    Okawaru [......]
Gold:   7          SH: 11    Dex: 16    Spells: 0 memorised, 4 levels left

rFire  . . .     SeeInvis .     a - +0 flail
rCold  . . .     Clarity  .     b - +0 scale mail
rNeg   + . .     SustAt   .     c - +0 shield
rPois  ∞         Gourm    .     (no helmet)
rElec  +         Spirit   .     (no cloak)
rCorr  .         Warding  .     (no gloves)
rMut   .         NoTele   +     (no boots)
MR     .....                    (no amulet)
Stlth  ..........               (no ring)
                                p - ring "Hyotit" {*Drain MP+9 Dex+6}

@: very slightly contaminated, not resistant to hostile enchantments, extremely
unstealthy
A: negative energy resistance 1, electricity resistance, unbreathing,
petrification resistance, rot immunity, AC +4
a: Renounce Religion


You were in the Dungeon.
You worshipped Okawaru.
Okawaru was noncommittal.
You were not hungry.

You visited 1 branch You collected 220 gold pieces.
You spent 213 gold pieces at shops.

Inventory:

Hand weapons
 a - a +0 flail (weapon)
Armour
 b - a +0 scale mail (worn)
 c - a +0 shield (worn)
Jewellery
 p - the ring "Hyotit" (left hand) {*Drain MP+9 Dex+6}
   (You bought it in a shop in the Dungeon)

   [ring of magical power]

   It affects your dexterity (+6).
   It affects your magic capacity (+9).
   It causes draining when unequipped.
Magical devices
 l - a wand of cold (5)
 m - a wand of fire (5)
Scrolls
 k - 3 scrolls of blinking
 n - 2 scrolls of fog
Potions
 d - 6 potions of might
 f - a potion of curing
 g - 3 potions of heal wounds
 h - 4 potions of haste
 i - 2 potions of magic
 j - a potion of berserk rage
 o - a potion of resistance
Comestibles
 e - a bread ration


   Skills:
 + Level 6.5 Fighting
 + Level 4.5 Maces & Flails
 + Level 6.4 Armour
 + Level 6.5 Shields


You had 4 spell levels left.
You didn't know any spells.

Dungeon Overview and Level Annotations

Branches:
Dungeon (1/1)

Altars:
Cheibriados
Dithmenos
Fedhas
Gozag
Kikubaaqudgha
Makhleb
Okawaru
Qazlal
Ru
Sif Muna
Trog
Vehumet
Xom
Yredelemnul
Zin
The Shining One
Jiyva
Lugonu

Shops:
D *[%??*?*:[((!!!!


Innate Abilities, Weirdness & Mutations

You are resistant to torment.
Your stone body is resilient (AC +4).
You are immune to poison.
You resist negative energy.
You are resistant to electric shocks.
You can survive without breathing.
You are immune to petrification.
You are immune to rotting.


Message History

You hear an explosion! x14
The giant spore explodes!
A fungus suddenly grows.
The explosion of spores engulfs the giant spore.
The giant spore explodes!
A fungus suddenly grows.
The explosion of spores engulfs the ballistomycete.
The explosion of spores engulfs the giant spore.
The giant spore explodes!
The explosion of spores engulfs the ballistomycete.
The explosion of spores engulfs you!
Ouch! That really hurt!
* * * LOW HITPOINT WARNING * * *
A fungus suddenly grows.
The explosion of spores engulfs the ballistomycete.
A fungus suddenly grows.
The explosion of spores engulfs the ballistomycete. x2
The explosion of spores engulfs you!
Ouch! That really hurt!
You die...

#_......._# #_.....P._#
#_.*....._# ###..§......###
#P*.§§§§§..*.P#
######.8P§§§§§..P8*######
##∩___...PPP###*..*..._.∩##
###∩......§§8P# #.8........∩##
##........§.§.@###.............
#⌠.........§###...###..........
#⌠..........# #.<.# #..........
#⌠..........###...###..........
##.............###.............
###∩........8.# #.8P.......∩##
##∩_._......###..PP.._._∩##
######.8.........8.######
#⌠...........⌠#


There were no monsters in sight!

Vanquished Creatures
  4 jellies (D)
  2 oozes (D)
6 creatures vanquished.

Vanquished Creatures (others)
  80 giant spores (D)
80 creatures vanquished.

Grand Total: 86 creatures vanquished

Notes
Turn   | Place    | Note
--------------------------------------------------------------
     0 | D        | nuthulu the Gargoyle Fighter began the quest for the Orb.
     0 | D        | Reached XP level 1. HP: 14/14 MP: 1/1
     1 | D        | Found a shadowy altar of Dithmenos.
     1 | D        | Found a radiant altar of Vehumet.
     2 | D        | Found a shimmering altar of Xom.
     3 | D        | Found a glowing silver altar of Zin.
     4 | D        | Found Mary's Do-It-Yourself Clinic.
     4 | D        | Found a viscous altar of Jiyva.
     4 | D        | Found Teesisak's Distillery.
     5 | D        | Found Xieluc's Bottled Wisdom.
     5 | D        | Found Ulaamaga's Distillery.
     5 | D        | Round 1.
    21 | D        | Bought 6 potions of might for 168 gold pieces
    22 | D        | Found an opulent altar of Gozag.
    27 | D        | Found Puv Giuf's Weapon Rack.
    28 | D        | Found Meucrej's Basic Armour.
    28 | D        | Found Vifol's Miscellaneous Merchandise.
    29 | D        | Found a bloodstained altar of Trog.
    29 | D        | Found a sacrificial altar of Ru.
    29 | D        | Found Timm's Premium Goods.
    33 | D        | Found a snail-covered altar of Cheibriados.
    34 | D        | Noticed a jelly
    35 | D        | Found a corrupted altar of Lugonu.
    36 | D        | Found Teku's Identification Station.
    36 | D        | Found a glowing golden altar of the Shining One.
    36 | D        | Found a blossoming altar of Fedhas.
    36 | D        | Found an ancient bone altar of Kikubaaqudgha.
    36 | D        | Found Leuta's Bee Food.
    37 | D        | Noticed a jelly
    37 | D        | Found Houvvus's Advanced Armour.
    37 | D        | Found Okenes's Jewellery.
    41 | D        | Killed a jelly
    41 | D        | Reached skill level 5 in Fighting
    41 | D        | Reached skill level 5 in Shields
    41 | D        | Reached XP level 2. HP: 14/21 MP: 2/2
    41 | D        | Reached XP level 3. HP: 17/26 MP: 3/3
    45 | D        | Killed a jelly
    45 | D        | Reached skill level 5 in Armour
    45 | D        | Reached XP level 4. HP: 15/31 MP: 4/4
    49 | D        | Found a deep blue altar of Sif Muna.
    50 | D        | Noticed a jelly
    50 | D        | Found a stormy altar of Qazlal.
    51 | D        | Found a basalt altar of Yredelemnul.
    52 | D        | Found Citwaeli's Magic Scroll Shop.
    53 | D        | Found a burning altar of Makhleb.
    53 | D        | Found an iron altar of Okawaru.
    53 | D        | Found Aseppich's Staff Store.
    53 | D        | Found Daowupn's Magic Scroll Shop.
    53 | D        | Found Ziphihye's Must-Have Magic.
    62 | D        | Killed a jelly
    62 | D        | Reached skill level 6 in Shields
    66 | D        | Reached XP level 5. HP: 9/37 MP: 5/5
    70 | D        | Became a worshipper of Warmaster Okawaru
   118 | D        | Arena points: 14 (+14) [x2]
   146 | D        | Bought a shimmering turquoise ring for 45 gold pieces
   146 | D        | Identified the ring "Hyotit" {*Drain MP+9 Dex+6} (You bought it in a shop in the Dungeon)
   163 | D        | Round 2.
   172 | D        | Killed by an exploding giant spore

Vault maps used:
D:        arena_sprint

Action                   |  1- 3 |  4- 6 || total
-------------------------+-------+-------++-------
Melee: Flail             |     6 |    13 ||    19
  Use: Potion            |     1 |     1 ||     2
       Scroll            |       |     2 ||     2
